 Dungeon Crawl Stone Soup version 0.32-a0-12-g7fc57aa741 (webtiles) character file.

Game seed: 11212425484222348300

14 Driedwater the Sneak (level 2, -2/19 HPs)
             Began as a Kobold Delver on Jan 14, 2024.
             Slain by a gnoll
             ... wielding a +0 halberd
              (4 damage)
             ... on level 6 of the Dungeon.
             The game lasted 00:03:23 (422 turns).

Driedwater the Sneak (Kobold Delver)                 Turns: 422, Time: 00:03:23

Health: -2/19      AC:  3    Str:  9    XL:     2   Next: 55%
Magic:  2/2        EV: 14    Int: 11    God:
Gold:   21         SH:  0    Dex: 16    Spells: 1/1 levels left

rFire   . . .        a - +0 short sword
rCold   . . .        (no shield)
rNeg    . . .        b - +0 leather armour
rPois   .            (no helmet)
rElec   .            (no cloak)
rCorr   .            (no gloves)
SInv    .            (no boots)
Will    .....        (no amulet)
Stlth   ++++         (no ring)
HPRegen 0.23/turn    (no ring)
MPRegen 0.08/turn

%: no passive effects
@: no status effects
A: small, no large weapons, nightstalker 3
a: no special abilities


You were on level 6 of the Dungeon.
You visited 1 branch of the dungeon, and saw 2 of its levels.

You collected 21 gold pieces.

Inventory:

Hand Weapons
 a - a +0 short sword (weapon)
Missiles
 e - an atropa-tipped dart
 h - a poisoned dart
Armour
 b - a +0 leather armour (worn)
Wands
 g - a wand of digging (3)
Potions
 f - a potion of haste


   Skills:
 + Level 3.5 Fighting
 + Level 2.7 Short Blades
 + Level 2.4 Dodging
 + Level 7.1 Stealth


You had one spell level left.
You didn't know any spells.
Your spell library was empty.

Dungeon Overview and Level Annotations

Branches:
Dungeon (6/15)             Temple (0/1) D:6

Altars:

Shops:
D:5 (

Annotations:
D:6 Jeremiah


Innate Abilities, Weirdness & Mutations

You are small and have problems with some larger weapons.
You are completely attuned to the shadows.


Message History

The jackal attacks as it pursues you! The jackal misses you.
Jeremiah, Barachi Dreamer comes into view.
They are wielding a +3 trident of draining and wearing an orb of guile.
The hound attacks as it pursues you! The hound closely misses you. x2
As you read the scroll of revelation, it crumbles to dust.
You feel aware of your surroundings. The hound barely misses you.
The jackal closely misses you.
As you read the scroll of fog, it dissolves into smoke.
The hound bites you but does no damage. The jackal barely misses you.
The hound bites you.
Throw: throwing net
Press: ? - help, Q - select action, (/) - cycle Shift-Dir - straight line, f - hound
Aim: a hound (purple smoke, 46% to hit)
You throw a throwing net.
The throwing net completely misses the hound.
The jackal completely misses you. The hound bites you.
The jackal barely misses you. The hound closely misses you.
The hound barely misses you. The hound attacks as it pursues you!
The hound bites you.
The butterfly disappears in a burst of colours!
The jackal attacks as it pursues you! The jackal misses you.
The hound misses you. The hound attacks as it pursues you! The hound bites you.
A gnoll comes into view. It is wielding a +0 halberd.
The hound attacks as it pursues you! The hound closely misses you.
The hound bites you.
* * * LOW HITPOINT WARNING * * *
A gnoll bouda comes into view. It is wielding a +1 whip of venom.
The gnoll bouda moves out of view.
The hound attacks as it pursues you! The hound closely misses you.
The gnoll shouts!
You hear a shout! x2
The hound attacks as it pursues you! The hound closely misses you.
The gnoll misses you. The hound bites you.
* * * LOW HITPOINT WARNING * * *
The jackal attacks as it pursues you! The jackal completely misses you.
The gnoll attacks as it pursues you! The gnoll misses you.
The gnoll attacks as it pursues you! The gnoll misses you.
The hound barely misses you.
The gnoll hits you from afar with a +0 halberd.
You die...

,,**,,,,,******##....##..<.......
<,,,,,,,**,,,,..#................
,,,*,,,,**,,,,..#...........###,*
,,**,,,,**,,,,.............##*,,,
,,****,,**,,,,..#..$##..#.##*,,,*
*** *,,**,,,,..#...##........,,*
****,,,******##.g.###.......,,,
*,,,,,,,**####.h..#........o,,,
***,*,*,,,,,....@h..#..##.....,,,
*,,,*,,,,,,,.########,,,,,,,,,,,,
,,************ *,,,,,,**,,,* ,**
**,,,****,*,, ,* ***** **,,, ,*
*,,, ,* **,, ** **, * *,


You could see a hound, a gnoll and a jackal.

Vanquished Creatures
  An adder (D:5)
  3 training dummies (D:5)
4 creatures vanquished.

Notes
Turn   | Place    | Note
-------+----------+-------------------------------------------
     0 | D:5      | Driedwater the Kobold Delver began the quest for the Orb.
     0 | D:5      | Reached XP level 1. HP: 14/14 MP: 1/1
    18 | D:5      | Reached skill level 7 in Stealth
    18 | D:5      | Reached XP level 2. HP: 19/19 MP: 2/2
   238 | D:5      | Found Onurosed's Firing Range.
   402 | D:6      | Noticed Jeremiah
   422 | D:6      | Slain by a gnoll

Illustrated notes

Levels and vault maps discovered:
D:5:      kennysheep_six_static_rooms, layout_loops_ring, marbit_many_paths,
          ebering_ghost_disaster_area, nicolae_shop_firing_range, uniq_ijyb
D:6:      layout_cave_pools, minmay_temple_entry_proselytizer,
          serial_gnoll_camp, gnoll_camp_mini_doghouse,
          gnoll_camp_mini_loothouse, gnoll_camp_huts_basic,
          gnoll_camp_mini_basic, gnoll_camp_mini_basic, grunt_decor_resistance,
          uniq_maggie, uniq_sigmund, uniq_jeremiah

Skill      XL: |  1 |
---------------+----+-----
Stealth        | 7 |  7.1
Fighting       | |  3.5
Short Blades   | |  2.7
Dodging        | |  2.4

Action                     || total
---------------------------++-------
  Melee: Short sword       ||    16
  Throw: Stone             ||     6
         Throwing net      ||     1
    Use: Scroll            ||     3
   Stab: Sleeping          ||     1
 Armour: Leather armour    ||    21
  Dodge: Dodged            ||    47

Table legend: (Time is in decaauts)
 A = Elapsed time spent in this place.
 B = Non-inter-level travel time spent in this place.
 C = Inter-level travel time spent in this place.
 D = Time resting spent in this place.
 E = Time spent auto-exploring this place.
 F = Levels seen in this place.
 G = Mean time per level.
                   A        B        C        D        E       F      G
               +--------+--------+--------+--------+--------+-----+--------+
         Total |    420 |    420 |      0 |      0 |    134 |   2 |  210.0 |
       Dungeon |    420 |    420 |      0 |      0 |    134 |   2 |  210.0 |
               +--------+--------+--------+--------+--------+-----+--------+

Top non-repeatable levels by time:
     D:5: 362 daAuts
     D:6: 57 daAuts
